[Event "*** Titled Tuesday Blitz"]
[Site "Chess.com"]
[Date "2020.12.29"]
[Round "1"]
[White "arna"]
[Black "juancruzarias"]
[Result "0-1"]
[WhiteElo "2127"]
[BlackElo "2512"]
[TimeControl "180+1"]
[EndTime "10:06:09 PST"]
[Termination "juancruzarias won on time"]

1. e4 c5 2. Nf3 g6 3. d4 cxd4 4. Qxd4 Nf6 5. Nc3 Nc6 6. Qa4 d6 7. e5 Ng4 8. exd6 Bg7 9. h3 Ne5 10.
Nxe5 Bxe5 11. dxe7 Qxe7 12. Be2 O-O 13. Be3 Bd7 14. Nd5 Qd6 15. Rd1 Nd4 16. Qc4 Bb5 17. Qxd4 Bxd4 18. Rxd4 Bxe2 19. Kxe2 Rfe8 20. Rhd1 Rac8 21.
c3 Rxe3+ 22. Kxe3 Re8+ 23. Kf3 Kg7 24. R1d2 Qc6 25. Kg3 Qd6+ 26. Kf3 h5 27. g3 Qa6 28. a4 Qf1 29. h4 Qh1+ 30. Kf4 Qb1 0-1

[Event "*** Titled Tuesday Blitz"]
[Site "Chess.com"]
[Date "2020.12.29"]
[Round "1"]
[White "akanga001"]
[Black "No_t_ime_to_die"]
[Result "0-1"]
[WhiteElo "1945"]
[BlackElo "2480"]
[TimeControl "180+1"]
[EndTime "10:06:09 PST"]
[Termination "No_t_ime_to_die won by resignation"]

1. d4 Nf6 2. c4 e6 3. Nf3 d5 4. Nc3 Bb4 5. cxd5 exd5 6. Bg5 O-O 7. e3 Bf5 8. Bd3 Bg6 9. Bxg6 hxg6 10. O-O c6 11. Ne2 Nbd7 12. a3 Be7 13. Rc1 Ne4 14. Bxe7 Qxe7 15. b4 a5 16. Qb3 axb4 17. axb4 Nb6 18.
Ra1 Nc4 19. Rfd1 Ned2 20. Nxd2 Nxd2 21. Qb2 Nc4 22. Qb3 b5 23. Nf4 Qb7 24. Nd3 Rxa1 25. Rxa1 Ra8 26. Rxa8+ Qxa8 27. Qb1 Qa3 28. Nc5 Qc3 29.
g3 Nd2 30. Qa2 Qc1+ 0-1

[Event "*** Titled Tuesday Blitz"]
[Site "Chess.com"]
[Date "2020.12.29"]
[Round "1"]
[White "NovakCabarkapa"]
[Black "catalin009"]
[Result "1-0"]
[WhiteElo "2732"]
[BlackElo "2391"]
[TimeControl "180+1"]
[EndTime "10:06:10 PST"]
[Termination "NovakCabarkapa won by resignation"]

1. d4 Nf6 2. Nc3 d5 3. Bf4 a6 4.
e3 e6 5. g4 c5 6. g5 Nfd7 7. Qf3 Nc6 8. O-O-O b5 9. Qg3 Bb7 10.
Bc7 Qc8 11. e4 b4 12. Nxd5 exd5 13. exd5 Nxd4 14. Re1+ Be7 15. d6 O-O 16. dxe7 Bxh1 17. exf8=Q+ Nxf8 18. Bc4 Qf5 19. Bd3 Qd5 20. b3 Nfe6 21. Nh3 Rc8 22. Nf4 Nxf4 23. Bxf4 Bf3 24. Qh3 g6 25. Qxc8+ 1-0

[Event "*** Titled Tuesday Blitz"]
[Site "Chess.com"]
[Date "2020.12.29"]
[Round "1"]
[White "LimeInTheCoconut"]
[Black "olksuna"]
[Result "0-1"]
[WhiteElo "2338"]
[BlackElo "2647"]
[TimeControl "180+1"]
[EndTime "10:06:10 PST"]
[Termination "olksuna won by resignation"]

1. e4 d6 2. d4 Nf6 3. Nc3 c6 4. g3 b5 5. Bg2 b4 6. Nce2 Nbd7 7. Nh3 e5 8. O-O Be7 9. f4 O-O 10. a3 bxa3 11. Rxa3 a5 12. Raf3 Ba6 13. c3 Nxe4 14.
fxe5 dxe5 15. Rxf7 Rxf7 16. Rxf7 Kxf7 17. Bxe4 h6 18.
Bxc6 Rc8 19. Bd5+ Kf8 20. dxe5 Nxe5 21. Nef4 Qb6+ 22. Kh1 Rd8 23. Qe1 Bf6 24. Ne6+ Qxe6 25. Bxe6 Bb7+ 26. Kg1 Nf3+ 27. Kf2 Nxe1 28. Kxe1 Re8 29.
Nf4 g5 30. Ng6+ Kg7 0-1

[Event "*** Titled Tuesday Blitz"]
[Site "Chess.com"]
[Date "2020.12.29"]
[Round "1"]
[White "BogdanDeac"]
[Black "MasterKroket"]
[Result "1-0"]
[WhiteElo "3004"]
[BlackElo "2474"]
[TimeControl "180+1"]
[EndTime "10:06:15 PST"]
[Termination "BogdanDeac won by checkmate"]

1. Nf3 Nf6 2. c4 e6 3. Nc3 d5 4.
d4 c6 5. Bg5 Nbd7 6. e3 Qa5 7.
Nd2 Bb4 8. Qc2 dxc4 9. Bxf6 Nxf6 10. Nxc4 Qd8 11. a3 Be7 12. Rd1 b6 13. g3 Bb7 14.
Bg2 Rc8 15. Qa4 b5 16. Qxa7 Rb8 17. Na5 Ba8 18. Nxc6 Bxc6 19. Bxc6+ Kf8 20. d5 Qc8 21.
O-O Bd8 22. dxe6 fxe6 23. Bxb5 Bb6 24. Qa4 Qb7 25. Rd6 Ne4 26. Nxe4 Ra8 27. Qc4 h5 28. Qxe6 Ra7 29. Rd7 Qb8 30. Qf7# 1-0

[Event "*** Titled Tuesday Blitz"]
[Site "Chess.com"]
[Date "2020.12.29"]
[Round "1"]
[White "elextranjero00"]
[Black "Zmeeed63"]
[Result "1-0"]
[WhiteElo "2622"]
[BlackElo "2320"]
[TimeControl "180+1"]
[EndTime "10:06:15 PST"]
[Termination "elextranjero00 won by resignation"]

1. d4 Nf6 2. c4 e6 3. Nf3 c5 4. d5 exd5 5. cxd5 d6 6. Nc3 g6 7. Bf4 a6 8. a4 Bg7 9. h3 O-O 10.
e3 Re8 11. Bd3 Qc7 12. Nd2 Nbd7 13. Nc4 Bf8 14. O-O Rb8 15. Qb3 b5 16. axb5 axb5 17. Nxb5 Nxd5 18. Ncxd6 Nxf4 19. Qxf7+ Kh8 20. Nxe8 Nxh3+ 21. gxh3 Qc6 22. Bc4 1-0

[Event "*** Titled Tuesday Blitz"]
[Site "Chess.com"]
[Date "2020.12.29"]
[Round "1"]
[White "CraiggoryC"]
[Black "Nadtkins"]
[Result "0-1"]
[WhiteElo "2210"]
[BlackElo "2538"]
[TimeControl "180+1"]
[EndTime "10:06:16 PST"]
[Termination "Nadtkins won by resignation"]

1. e4 d5 2. exd5 Nf6 3. Bb5+ Bd7 4. Be2 Nxd5 5. d4 Bf5 6. Nf3 e6 7. O-O Be7 8. c3 O-O 9. Nbd2 c5 10. Re1 Nc6 11. dxc5 Bxc5 12. Nf1 Qb6 13. Be3 Nxe3 14. fxe3 Qxb2 15. Nd4 Rfd8 16. Qb3 Qxb3 17. axb3 Be4 18.
Ng3 Bg6 19. Bf3 Rac8 20. Ne4 Bb6 21. Rad1 Ne5 22. Kf2 Nxf3 23. gxf3 Bxe4 24. fxe4 Rxc3 25. Nb5 Rcc8 26. Nd6 Rc7 27. Nc4 Rcc8 28. Nd6 Rb8 29. e5 Bc7 30. Kf3 f6 31. Ke4 Bxd6 32. exd6 Rbc8 33. Rd4 Rd7 34. Ra1 a6 35. Rad1 Kf7 36.
Rb4 Rc6 0-1

[Event "*** Titled Tuesday Blitz"]
[Site "Chess.com"]
[Date "2020.12.29"]
[Round "1"]
[White "geordie_derraugh"]
[Black "Michaelson_11"]
[Result "1-0"]
[WhiteElo "2532"]
[BlackElo "2199"]
[TimeControl "180+1"]
[EndTime "10:06:17 PST"]
[Termination "geordie_derraugh won by resignation"]

1. e4 e6 2. d4 d5 3. Nd2 c5 4. Ngf3 Nc6 5. exd5 exd5 6. Bb5 Qe7+ 7. Be2 Qc7 8. O-O Nf6 9. Re1 Be6 10. Nb3 c4 11. Nbd2 Bd6 12. b3 c3 13. Nb1 Ne7 14. Bg5 Ne4 15. Bxe7 Kxe7 16. Bd3 f5 17.
Ne5 Bxe5 18. dxe5 Qxe5 19. Bf1 Qf4 20. f3 Nd2 21. Qe2 Rhe8 22. Nxc3 Kf7 23. Qd3 Nxf1 24.
Rxf1 d4 25. Nb5 Red8 26. g3 Qxf3 27. Rxf3 1-0

[Event "*** Titled Tuesday Blitz"]
[Site "Chess.com"]
[Date "2020.12.29"]
[Round "1"]
[White "ferdipy"]
[Black "Ave_Mariia"]
[Result "1-0"]
[WhiteElo "2162"]
[BlackElo "2490"]
[TimeControl "180+1"]
[EndTime "10:06:17 PST"]
[Termination "ferdipy won by resignation"]

1. d4 Nf6 2. Nf3 e6 3. Bg5 d5 4. Nbd2 Be7 5. e3 O-O 6. Bd3 c5 7. c3 b6 8. O-O Bb7 9. Qe2 Nbd7 10. Rfe1 Ne4 11. Bf4 Ndf6 12. Ne5 Rc8 13. Rad1 Bd6 14. h3 cxd4 15. exd4 Nxd2 16. Rxd2 Ne4 17. Rdd1 f6 18. Bxe4 dxe4 19. Qg4 Qe7 20. Nd3 f5 21.
Qg3 Bxf4 22. Nxf4 e5 23. dxe5 Qxe5 24. Rd7 Rc7 25. Red1 Bc6 26. R1d6 Rxd7 27. Rxc6 Rd1+ 28. Kh2 Rfd8 29. Re6 Qc7 30. h4 Qf7 31. h5 Rf1 32. Qg5 Re8 33. h6 Rxe6 34. Nxe6 Rd1 35. Nxg7 Qg6 36.
Qf4 Rd6 37. Nxf5 Rf6 38. Ne7+ Kf7 39. Nxg6 Rxf4 40. Nxf4 1-0

[Event "*** Titled Tuesday Blitz"]
[Site "Chess.com"]
[Date "2020.12.29"]
[Round "1"]
[White "PSvidler"]
[Black "Moon_stone123"]
[Result "0-1"]
[WhiteElo "2817"]
[BlackElo "2450"]
[TimeControl "180+1"]
[EndTime "10:06:19 PST"]
[Termination "Moon_stone123 won by resignation"]

1. e4 c5 2. Nf3 d6 3. d4 cxd4 4. Nxd4 Nf6 5. Nc3 g6 6. Be3 Bg7 7. f3 Nc6 8. Qd2 O-O 9. O-O-O Nxd4 10. Bxd4 Be6 11. g4 Qa5 12. Kb1 Rfc8 13. Nd5 Qxd2 14. Nxf6+ Bxf6 15. Rxd2 Bxd4 16. Rxd4 g5 17. h4 h6 18.
hxg5 hxg5 19. Rh5 f6 20. Rh2 Kg7 21. b3 Rh8 22. Rdd2 Rh4 23. Rxh4 gxh4 24. Rh2 Rh8 25. Be2 d5 26. exd5 Bxd5 27. f4 e5 28. f5 h3 29.
Bf1 Bf3 30. Rxh3 Rxh3 31. Bxh3 Kh6 32. Kc1 Kg5 33. Kd2 Bxg4 34. Bg2 b6 35. Ke3 Bxf5 36. c4 Bb1 37. b4 Bxa2 38. c5 bxc5 39. bxc5 Be6 40.
Bb7 a5 41. c6 Bd5 42. Ba8 Be6 43. Bb7 f5 44. c7 a4 45. c8=Q Bxc8 46. Bxc8 a3 47.
Be6 Kg4 48. Kf2 Kf4 49. Ba2 Ke4 50. Ke2 Kd4 51. Kd2 e4 52. Bg8 f4 53. Ba2 f3 0-1

[Event "*** Titled Tuesday Blitz"]
[Site "Chess.com"]
[Date "2020.12.29"]
[Round "1"]
[White "Borsuk_Konstantin"]
[Black "Alekseyviktorovich"]
[Result "1-0"]
[WhiteElo "2643"]
[BlackElo "2336"]
[TimeControl "180+1"]
[EndTime "10:06:19 PST"]
[Termination "Borsuk_Konstantin won by resignation"]

1. d4 d5 2. c4 c6 3. Nc3 Nf6 4. e3 Bg4 5. Qb3 Qd7 6. h3 Be6 7. Nf3 dxc4 8. Bxc4 Bxc4 9. Qxc4 e6 10. O-O Be7 11.
e4 O-O 12. Ne5 Qd8 13. Be3 Nbd7 14. Rfd1 Qa5 15. f4 Rad8 16. Qb3 Qb6 17. Qxb6 Nxb6 18. Kf2 Nfd7 19. b3 f6 20. Nd3 Rfe8 21. g4 Bf8 22. Kf3 Rc8 23. Rac1 Ba3 24. Rc2 c5 25. Nb5 cxd4 26.
Rxc8 Rxc8 27. Bxd4 Be7 28. a4 a6 29. Nc3 Kf7 30. h4 Bd6 31. e5 Be7 32. a5 Na8 33.
f5 Nc7 34. exf6 gxf6 35. Ne4 e5 36. Be3 Nd5 37. g5 Nxe3 38. Kxe3 Rc3 39. Nxc3 Nc5 40.
Nxc5 Bxc5+ 41. Ke4 Bd4 42. Nd5 1-0

[Event "*** Titled Tuesday Blitz"]
[Site "Chess.com"]
[Date "2020.12.29"]
[Round "1"]
[White "timator"]
[Black "Xeslu"]
[Result "1-0"]
[WhiteElo "2596"]
[BlackElo "2297"]
[TimeControl "180+1"]
[EndTime "10:06:19 PST"]
[Termination "timator won on time"]

1. Nf3 Nf6 2. c4 d6 3. d4 g6 4. g3 Bg7 5. Bg2 O-O 6. O-O Nbd7 7. Nc3 e5 8. e4 exd4 9. Nxd4 Re8 10. Re1 Nc5 11.
h3 a5 12. Ndb5 Bd7 13. Bg5 Bc6 14. e5 Rxe5 15. Rxe5 dxe5 16. Qxd8+ Rxd8 17. Nxc7 Bxg2 18. Kxg2 h6 19. Bxf6 Bxf6 20. N7d5 Bg7 21. Rd1 Kf8 22. a3 a4 23. f3 1-0

[Event "*** Titled Tuesday Blitz"]
[Site "Chess.com"]
[Date "2020.12.29"]
[Round "1"]
[White "Natalya_Buksa"]
[Black "Sacbutt"]
[Result "1-0"]
[WhiteElo "2539"]
[BlackElo "2214"]
[TimeControl "180+1"]
[EndTime "10:06:19 PST"]
[Termination "Natalya_Buksa won by checkmate"]

1. d4 Nf6 2. Nc3 d5 3. Bf4 Bf5 4. e3 e6 5. Nf3 c6 6. Ne5 Nbd7 7. g4 Bg6 8. h4 h6 9. Nxg6 fxg6 10. Bd3 Kf7 11.
Qf3 Qe8 12. O-O-O Ke7 13. g5 Nh5 14. gxh6 Nxf4 15. Qxf4 gxh6 16. Rhg1 Rg8 17. e4 Qf7 18.
Qc7 Rb8 19. exd5 cxd5 20. Rde1 Kf6 21. Qg3 Bb4 22. Qf4+ Kg7 23. Rxg6+ Kf8 24. Qxh6+ Ke7 25. Rgxe6+ Kd8 26. Qh7 Qf4+ 27. Kb1 Rf8 28. Nxd5 Qxf2 29. c3 Ba5 30. Re8+ Rxe8 31. Rxe8+ Kxe8 32. Qe7# 1-0

[Event "*** Titled Tuesday Blitz"]
[Site "Chess.com"]
[Date "2020.12.29"]
[Round "1"]
[White "Eloist"]
[Black "ftorodent"]
[Result "0-1"]
[WhiteElo "2337"]
[BlackElo "2645"]
[TimeControl "180+1"]
[EndTime "10:06:20 PST"]
[Termination "ftorodent won on time"]

1. e4 c5 2. Nf3 e6 3. d4 cxd4 4. Nxd4 a6 5. Bd3 Bc5 6. Nb3 Be7 7. O-O d6 8. Qg4 g6 9. Qe2 Nc6 10. f4 Nf6 11. f5 Ne5 12. h3 exf5 13. exf5 Nxd3 14.
cxd3 Bxf5 15. Rxf5 gxf5 16. Bg5 O-O 17. Nc3 Re8 18. Qf3 Kh8 19. Re1 Ng8 20. Bf4 Qd7 21.
Nd5 Bf8 22. Be3 Bg7 23. Nb6 Qc6 24. Qxc6 bxc6 25. Nxa8 Rxa8 0-1

[Event "*** Titled Tuesday Blitz"]
[Site "Chess.com"]
[Date "2020.12.29"]
[Round "1"]
[White "Donseng"]
[Black "paulrusan"]
[Result "1-0"]
[WhiteElo "2547"]
[BlackElo "2229"]
[TimeControl "180+1"]
[EndTime "10:06:24 PST"]
[Termination "Donseng won by resignation"]

1. e4 g6 2. d4 Bg7 3. Nc3 d6 4. Bg5 a6 5. Qd2 b5 6. Nf3 Bb7 7. Bd3 Nd7 8. h3 c5 9. dxc5 Nxc5 10. O-O Nf6 11. Rfe1 e5 12. b4 Ne6 13. Bh6 O-O 14. Bxg7 Kxg7 15. a3 Qc7 16. a4 Rac8 17. Ra3 bxa4 18.
Nxa4 Rfd8 19. c4 Nh5 20. Nc3 Nhf4 21. Bf1 Qb6 22. Nd5 Nxd5 23. cxd5 Nc7 24. h4 h6 25. Nh2 f5 26. exf5 gxf5 27. Rg3+ Kh7 28. Bd3 e4 29.
Rxe4 Nxd5 30. Re6 Ne3 31. Re7+ Kh8 32. Qb2+ 1-0

[Event "*** Titled Tuesday Blitz"]
[Site "Chess.com"]
[Date "2020.12.29"]
[Round "1"]
[White "Heineccius"]
[Black "Olga_Zhuravleva"]
[Result "1-0"]
[WhiteElo "2589"]
[BlackElo "2291"]
[TimeControl "180+1"]
[EndTime "10:06:26 PST"]
[Termination "Heineccius won by checkmate"]

1. d4 g6 2. c4 Bg7 3. Nc3 d6 4. Nf3 Nc6 5. g3 e5 6. d5 Nce7 7. e4 h6 8. Bg2 f5 9. O-O Nf6 10. Ne1 O-O 11. Nd3 Kh8 12. f4 exf4 13. Nxf4 g5 14. Ne6 Bxe6 15. dxe6 fxe4 16. Nxe4 Nc6 17. Nc3 Ne7 18. Qd3 Rb8 19. Bd2 Qc8 20. Rae1 Qe8 21. Nd5 c6 22. Nxf6 Rxf6 23. Bc3 Rxf1+ 24. Rxf1 Qg6 25.
Bxg7+ Kxg7 26. Rf7+ Kg8 27. Be4 Qxe6 28. Bd5 cxd5 29. Qh7# 1-0

[Event "*** Titled Tuesday Blitz"]
[Site "Chess.com"]
[Date "2020.12.29"]
[Round "1"]
[White "yuki_chess123"]
[Black "pichonazo"]
[Result "0-1"]
[WhiteElo "2171"]
[BlackElo "2527"]
[TimeControl "180+1"]
[EndTime "10:06:26 PST"]
[Termination "pichonazo won by resignation"]

1. e4 c5 2. Nf3 d6 3. Bb5+ Bd7 4.
c4 Nf6 5. Nc3 g6 6. d4 cxd4 7.
Nxd4 Nc6 8. O-O Bg7 9. Re1 O-O 10. Bg5 Nxd4 11. Qxd4 a6 12. Bxd7 Qxd7 13. Rad1 Qc6 14. Qd3 Rac8 15. b3 b5 16. Nd5 Nxd5 17. exd5 bxc4 18.
bxc4 Qxc4 19. Qxc4 Rxc4 20. Bxe7 Rfc8 21. Bxd6 Bf6 22.
g3 Rc2 23. a3 Kg7 24. Rd3 Rd8 25. Bb4 Rd7 26. Red1 g5 27. h3 h5 28. Kg2 Be5 29.
Re1 f6 30. Re4 Kg6 31. d6 Kf5 32. Re1 g4 33. hxg4+ hxg4 34. Rd5 Ke6 35. Ra5 Rc6 36.
Re4 Kf5 37. Rf4+ Kg5 38. Bd2 Rc2 39. Rd4+ Kf5 40. Bf4 Rc6 41. Re4 Kxe4 0-1

[Event "*** Titled Tuesday Blitz"]
[Site "Chess.com"]
[Date "2020.12.29"]
[Round "1"]
[White "Skatchkov_V"]
[Black "MikeSailer"]
[Result "0-1"]
[WhiteElo "2492"]
[BlackElo "2134"]
[TimeControl "180+1"]
[EndTime "10:06:26 PST"]
[Termination "MikeSailer won by resignation"]

1. d4 d5 2. c4 Bf5 3. cxd5 Bxb1 4. Rxb1 Qxd5 5. Nf3 Nc6 6. a3 O-O-O 7. e3 e5 8.
Bd3 exd4 9. e4 Qh5 10. b4 Bd6 11.
Bb2 Nf6 12. Qa4 Rhe8 13. O-O Nxe4 14. b5 Nc5 15. Qc2 Ne5 16. Nxe5 Bxe5 17. g3 Nxd3 18. Qxd3 Re6 19. f4 Rh6 20. Rf2 Bd6 21. Rc1 g5 22.
Qf5+ Kb8 23. fxg5 Rg6 24. Qxf7 Qxg5 25. Re1 Bxg3 26. Rg2 Bxh2+ 0-1

[Event "*** Titled Tuesday Blitz"]
[Site "Chess.com"]
[Date "2020.12.29"]
[Round "1"]
[White "Nuvas"]
[Black "ChessArchitect64"]
[Result "1-0"]
[WhiteElo "2501"]
[BlackElo "2090"]
[TimeControl "180+1"]
[EndTime "10:06:27 PST"]
[Termination "Nuvas won on time"]

1. d4 d5 2. c4 Nf6 3. cxd5 Nxd5 4. e4 Nf6 5. Nc3 e6 6. Nf3 Bb4 7. Qa4+ Nc6 8. Bd3 Bd7 9. Qc2 Be7 10. a3 Bc8 11.
Bb5 a6 12. Bxc6+ bxc6 13. O-O Bb7 14. Rd1 O-O 15. Bg5 h6 16. Bxf6 Bxf6 17. Na4 Rb8 18.
Nc5 Bc8 19. b4 Qe8 20. Rac1 e5 21. dxe5 Bxe5 22. Nxe5 Qxe5 23. Qc4 Qb2 24. Rc3 Bg4 25. f3 Rbd8 26. Nd3 Rxd3 27. Rcxd3 Be6 28. Qc3 Qa2 29. R3d2 Qc4 30. Qxc4 Bxc4 31. Rd7 1-0

[Event "*** Titled Tuesday Blitz"]
[Site "Chess.com"]
[Date "2020.12.29"]
[Round "1"]
[White "ShahMatKanal"]
[Black "platy3"]
[Result "0-1"]
[WhiteElo "2433"]
[BlackElo "2832"]
[TimeControl "180+1"]
[EndTime "10:06:28 PST"]
[Termination "platy3 won on time"]

1. d4 Nf6 2. Nf3 d5 3. c4 e6 4. Nc3 dxc4 5. e3 a6 6. Bxc4 b5 7. Bd3 Bb7 8. O-O Nbd7 9. Qe2 c5 10. a3 Be7 11. Bd2 O-O 12. Rad1 Rc8 13. Bc1 Qb6 14.
Bb1 Rfd8 15. h3 Bc6 16. Ne5 Nxe5 17. dxe5 Nd5 18. Ne4 b4 19. axb4 Bb5 20. Qh5 g6 21.
Qh6 Bxf1 22. bxc5 Bxc5 23. Rxd5 exd5 24. Nf6+ Qxf6 25. exf6 Bf8 26. Qf4 Rxc1 27. e4 Rxb1 28. e5 Bb5+ 29. Kh2 Re8 30. Qd4 Re1 31. f4 Re4 32.
Qxd5 Rxf4 0-1

[Event "*** Titled Tuesday Blitz"]
[Site "Chess.com"]
[Date "2020.12.29"]
[Round "1"]
[White "Nadeev_Sergey"]
[Black "Alexander_Moskalenko"]
[Result "0-1"]
[WhiteElo "2438"]
[BlackElo "2841"]
[TimeControl "180+1"]
[EndTime "10:06:29 PST"]
[Termination "Alexander_Moskalenko won by resignation"]

1. d4 d5 2. Bf4 c5 3. c3 Nf6 4. e3 Qb6 5. Qb3 c4 6. Qc2 Nc6 7. Nd2 g6 8. Ngf3 Bf5 9. Qc1 Bg7 10. Be2 Nh5 11. Bg5 h6 12. Bh4 g5 13. Ng1 Bg6 14.
Bg3 Nxg3 15. hxg3 e5 16. Bh5 O-O 17. Ne2 Bd3 18. O-O e4 19. f4 exf3 20. Bxf3 Ne7 21. Re1 Qe6 22. Nf1 Nf5 23. Bg4 Rae8 24. Qd2 Qe4 25.
Bf3 Qe6 26. Bg4 Qg6 27. Bxf5 Qxf5 28. b3 b5 29. Nc1 Be4 30. a4 a6 31. axb5 axb5 32.
b4 h5 33. Ra5 h4 34. Qf2 Qg4 35. Rxb5 h3 36. Nh2 Qd7 37. Ra5 hxg2 38. Ne2 f5 39.
Rea1 Re7 40. Ra8 Qc6 41. R8a6 Qe8 42. Rd6 Re6 43. Rxe6 Qxe6 44. Ra7 Qb6 45. Ra5 Qh6 46. Ra7 Rf6 47. Ra8+ Bf8 48. Re8 Qxh2+ 0-1

[Event "*** Titled Tuesday Blitz"]
[Site "Chess.com"]
[Date "2020.12.29"]
[Round "1"]
[White "TregubovP"]
[Black "stephan97"]
[Result "1-0"]
[WhiteElo "2551"]
[BlackElo "2237"]
[TimeControl "180+1"]
[EndTime "10:06:31 PST"]
[Termination "TregubovP won by resignation"]

1. e4 c5 2. Nf3 d6 3. c3 Nf6 4. Be2 g6 5. O-O Bg7 6. Bb5+ Bd7 7. Bxd7+ Qxd7 8. Re1 Nc6 9. d4 cxd4 10. cxd4 O-O 11. Nc3 e5 12. dxe5 dxe5 13. Qxd7 Nxd7 14. Be3 Rfd8 15.
Rad1 Nf8 16. Nd5 Ne6 17. Rd3 a5 18. a3 b5 19. Rc1 Ncd4 20. Nxd4 exd4 21. Bd2 f5 22.
exf5 Rxd5 23. fxe6 Re8 24. Rc6 b4 25. axb4 axb4 26.
f4 Rb5 27. b3 Rb7 28. g4 h5 29.
h3 hxg4 30. hxg4 Rbe7 31. f5 gxf5 32. gxf5 Rb7 33. Kg2 Bf6 34. Kf3 Kg7 35. Ke4 Kf8 36.
Rc4 Ke7 37. Bxb4+ Kd8 38. Bc5 Rc7 39. Bxd4 1-0

[Event "*** Titled Tuesday Blitz"]
[Site "Chess.com"]
[Date "2020.12.29"]
[Round "1"]
[White "alexg2003"]
[Black "GM_Crest"]
[Result "1-0"]
[WhiteElo "2393"]
[BlackElo "2686"]
[TimeControl "180+1"]
[EndTime "10:06:32 PST"]
[Termination "alexg2003 won by checkmate"]

1. e4 e6 2. d4 d5 3. Nd2 Be7 4. Ngf3 Nf6 5. Bd3 c5 6. e5 Nfd7 7. c3 Nc6 8. O-O a5 9. b3 a4 10. Bb2 a3 11. Bc1 cxd4 12. cxd4 Qb6 13. Re1 Nxd4 14.
Rb1 Nc6 15. Nf1 Nb4 16. Be3 Nc5 17. Be2 Bd7 18. Qd2 Qa5 19. Nd4 Ne4 20. Qd1 Nc3 21.
Qd2 Nxb1 22. Rxb1 Rc8 23. Ng3 g6 24. Bg5 Nc6 25. b4 Bxb4 26. Qf4 Nxd4 27. Qxd4 Bc3 28. Qf4 Bb2 29. Qf6 Rg8 30. Qe7# 1-0

[Event "*** Titled Tuesday Blitz"]
[Site "Chess.com"]
[Date "2020.12.29"]
[Round "1"]
[White "davidkalashian"]
[Black "DrRiebert"]
[Result "1-0"]
[WhiteElo "2597"]
[BlackElo "2298"]
[TimeControl "180+1"]
[EndTime "10:06:33 PST"]
[Termination "davidkalashian won by resignation"]

1. d4 d5 2. Nf3 Nf6 3. c4 c6 4. Qc2 dxc4 5. Qxc4 Bf5 6. Nc3 e6 7. g3 Be7 8. Bg2 Nbd7 9. O-O h6 10. Qb3 Qb6 11.
Re1 Qxb3 12. axb3 Bc2 13. Nd2 Nd5 14. e4 Nb4 15. Nc4 Bxb3 16. Na5 Nd3 17. Re3 Bc2 18.
Re2 Nb4 19. Nxb7 O-O 20. Na5 Rfc8 21. h4 e5 22. d5 Bd3 23. Rd2 Nc5 24. dxc6 Bd8 25.
Nd5 Nxd5 26. exd5 Bxa5 27. Rxa5 Nb3 28. Rxd3 Nxa5 29. b4 Nc4 30. Rc3 Nd6 31. Be3 Kf8 32. Bc5 Ke7 33. Re3 f6 34. f4 1-0

[Event "*** Titled Tuesday Blitz"]
[Site "Chess.com"]
[Date "2020.12.29"]
[Round "1"]
[White "NodariousBIG"]
[Black "CarrotsandPizza"]
[Result "0-1"]
[WhiteElo "2650"]
[BlackElo "2408"]
[TimeControl "180+1"]
[EndTime "10:06:34 PST"]
[Termination "CarrotsandPizza won by resignation"]

1. e4 c5 2. Nc3 Nc6 3. g3 e6 4. Bg2 Nf6 5. d3 Be7 6. f4 d5 7.
e5 Nd7 8. Nf3 a6 9. O-O b5 10.
a4 b4 11. Ne2 a5 12. Be3 Rb8 13. Bf2 Qc7 14. Qd2 O-O 15. g4 f6 16. exf6 Nxf6 17. h3 Bd6 18. Rae1 Bd7 19. Ne5 Nxe5 20. fxe5 Bxe5 21. d4 Bh2+ 22. Kh1 c4 23. b3 Bd6 24.
bxc4 dxc4 25. d5 Nxd5 26. Nd4 Bf4 27. Qe2 Nc3 28. Nxe6 Nxe2 29. Nxc7 Ng3+ 30. Bxg3 Bxg3 31. Rd1 Rxf1+ 32. Bxf1 Bc6+ 33. Nd5 b3 34. cxb3 cxb3 35. Kg2 b2 36. Kxg3 Bxd5 37. Bd3 Rb3 38. Kf4 Rxd3 39.
Rxd3 b1=Q 40. Rxd5 Qb4+ 41. Ke5 Qxa4 42. g5 Kf7 43.
Kf5 Qc2+ 44. Ke5 Qc7+ 45. Kf5 a4 46. h4 g6+ 47. Ke4 Qc6 48. Ke5 Qxd5+ 0-1

[Event "*** Titled Tuesday Blitz"]
[Site "Chess.com"]
[Date "2020.12.29"]
[Round "1"]
[White "Vesper2018"]
[Black "BulletMercenary"]
[Result "1-0"]
[WhiteElo "2655"]
[BlackElo "2342"]
[TimeControl "180+1"]
[EndTime "10:06:35 PST"]
[Termination "Vesper2018 won by resignation"]

1. e4 e6 2. d4 d5 3. e5 c5 4. c3 Nc6 5. Nf3 Qc7 6. Be2 f6 7. Bf4 Qb6 8. Qd2 g5 9. Be3 g4 10. Nh4 fxe5 11. dxe5 Nxe5 12. h3 gxh3 13. Rxh3 Ne7 14.
Bh5+ Kd8 15. Bg5 Bg7 16. Na3 Bd7 17. O-O-O Be8 18. Bxe8 Rxe8 19. f4 Nf7 20. f5 exf5 21.
Qxd5+ Kc7 22. Qd7+ Kb8 23. Qxe8+ Nc8 24. Bf4+ Be5 25. Bxe5+ Nxe5 26. Qxe5+ Qc7 27. Qxc7+ Kxc7 28. Nxf5 a6 29. Rxh7+ Kb6 30. Nc4+ Ka7 31. Rd8 Rb8 32. Na5 1-0

[Event "*** Titled Tuesday Blitz"]
[Site "Chess.com"]
[Date "2020.12.29"]
[Round "1"]
[White "vladimirdamjanovic"]
[Black "Doraemon7"]
[Result "1-0"]
[WhiteElo "2351"]
[BlackElo "2622"]
[TimeControl "180+1"]
[EndTime "10:06:36 PST"]
[Termination "vladimirdamjanovic won by resignation"]

1. d4 d5 2. Nc3 Nf6 3. Bf4 c5 4. e3 cxd4 5. exd4 a6 6. Nf3 Nc6 7. Ne5 Bd7 8. g3 Qb6 9. Nxd7 Kxd7 10. Na4 Qa5+ 11. c3 e6 12. a3 h6 13. b4 Qd8 14.
Bd3 b5 15. Nc5+ Bxc5 16. bxc5 Qa5 17. Qd2 g5 18. Be3 Ng4 19. O-O h5 20. Bxg5 Rag8 21. f3 f6 22. Bf4 e5 23. Bf5+ Kd8 24. dxe5 Ngxe5 25. Qxd5+ Kc7 26. Qd7+ Kb8 27. Qxc6 Qxc3 28. Qb6+ Ka8 29. Qxa6+ Kb8 30. Qb6+ 1-0

[Event "*** Titled Tuesday Blitz"]
[Site "Chess.com"]
[Date "2020.12.29"]
[Round "1"]
[White "sotochess"]
[Black "FMOlexandrProhorov"]
[Result "1-0"]
[WhiteElo "2518"]
[BlackElo "2167"]
[TimeControl "180+1"]
[EndTime "10:06:36 PST"]
[Termination "sotochess won on time"]

1. e4 c5 2. Nf3 d6 3. d4 cxd4 4.
Nxd4 Nf6 5. f3 e5 6. Bb5+ Bd7 7. Bxd7+ Nbxd7 8. Nf5 Qc7 9. b3 g6 10. Ne3 Bg7 11.
c4 O-O 12. O-O Nc5 13. Nc3 Rad8 14. Kh1 Ne6 15. Ned5 Nxd5 16. Nxd5 Qb8 17. Be3 f5 18. Qd2 Nd4 19. exf5 gxf5 20. Bh6 Rd7 21. Rae1 b5 22. Bxg7 Rxg7 23. f4 bxc4 24. bxc4 Kh8 25. c5 Qb7 26. Nc3 dxc5 27. Rxe5 Rfg8 28. Rf2 Qb4 29. h3 h6 30. Re3 Kh7 31. Kh2 a5 32. Qd3 a4 33. Nd5 Qb7 34. Nf6+ Kh8 35. Nxg8 Rxg8 36.
Re5 Qg7 37. Rxc5 1-0

[Event "*** Titled Tuesday Blitz"]
[Site "Chess.com"]
[Date "2020.12.29"]
[Round "1"]
[White "AlanZhang"]
[Black "CheckThis4"]
[Result "0-1"]
[WhiteElo "2169"]
[BlackElo "2520"]
[TimeControl "180+1"]
[EndTime "10:06:38 PST"]
[Termination "CheckThis4 won by resignation"]

1. e4 c5 2. Nf3 d6 3. d4 cxd4 4.
Nxd4 Nf6 5. Nc3 g6 6. Be3 Bg7 7.
f3 Nc6 8. Qd2 O-O 9. O-O-O d5 10.
exd5 Nxd5 11. Nxc6 bxc6 12. Bd4 e5 13. Bc5 Be6 14.
Ne4 Re8 15. Bc4 Qc7 16. g4 Red8 17. Qf2 Nf4 18. Bxe6 Nxe6 19. Bd6 Qa5 20. Kb1 f5 21. gxf5 gxf5 22. Ng3 Nd4 23. Ba3 Rab8 24. Ka1 e4 25. c3 Nxf3 26. Nh5 Rxd1+ 27. Rxd1 Qxa3 28. Nxg7 Qxb2+ 29. Qxb2 Rxb2 30. Kxb2 Kxg7 31. Rd7+ Kf6 32. Rxa7 e3 33. Ra8 e2 34. Re8 Ne5 35. Rf8+ Kg7 0-1